[ AOE2 MATCH · #467770751 ]
1v1 RMBulgarians vs Celts
Player's team · LOSS
Rival team · WIN
[ REPLAY ANALYSIS · EXTRACTED FROM THE RECORDED GAME ]
Feudal
14:19
Castle
19:29
Imperial
—
| APM avg | 20.4 |
| APM peak | 42 |
| eAPM avg | 14.0 |
| Villagers / military | 107 / 49 |
Focus
⚔️ 30.8% · 🌾 69.2%
Konnik ×25 · Fishing Ship ×14 · Skirmisher ×13 · Fire Galley ×5 · Mangonel ×4 · Spearman ×1
Feudal
13:09
Castle
24:06
Imperial
38:16
| APM avg | 27.3 |
| APM peak | 67 |
| eAPM avg | 11.0 |
| Villagers / military | 54 / 75 |
Focus
⚔️ 35.7% · 🌾 64.3%
Archer ×35 · Galley ×18 · Fishing Ship ×15 · Scorpion ×10 · Monk ×5 · Trebuchet (Packed) ×3
Match map
Initial resources + every placement click. Lines = walls · curves = elevation contours. ◆ gold · ⬟ stone · ● berries · ✦ relic · ◌ wall gap
Your base· Open — unwalled flank
ROMANS91's base· Open — 4t gap
Smoothed initial terrain · ◌ = detected wall gap · hover for details
Inputs per minute
— Nosferatu - - ROMANS91
Build order — Nosferatu
First 150 of 238 actions detected
| 0:57 | Build | Dock |
| 1:12 | Build | Town Center |
| 3:03 | Build | House |
| 3:06 | Build | House |
| 3:09 | Create | Villager (Male) |
| 3:09 | Create | Villager (Male) |
| 3:09 | Create | Villager (Male) |
| 3:10 | Create | Villager (Male) |
| 3:10 | Create | Villager (Male) |
| 3:10 | Create | Villager (Male) |
| 4:27 | Create | Villager (Male) |
| 4:27 | Create | Villager (Male) |
| 4:28 | Create | Villager (Male) |
| 4:40 | Create | Villager (Male) |
| 4:40 | Create | Villager (Male) |
| 4:41 | Create | Villager (Male) |
| 5:02 | Create | Villager (Male) |
| 5:02 | Create | Villager (Male) |
| 5:23 | Create | Villager (Male) |
| 5:23 | Create | Villager (Male) |
| 6:07 | Create | Villager (Male) |
| 6:07 | Create | Villager (Male) |
| 6:08 | Create | Villager (Male) |
| 6:08 | Create | Villager (Male) |
| 6:14 | Create | Fishing Ship |
| 6:14 | Create | Fishing Ship |
| 6:35 | Create | Fishing Ship |
| 6:36 | Create | Fishing Ship |
| 7:00 | Create | Fishing Ship |
| 7:00 | Create | Fishing Ship |
| 7:01 | Create | Fishing Ship |
| 7:22 | Create | Villager (Male) |
| 7:23 | Create | Villager (Male) |
| 7:23 | Create | Villager (Male) |
| 7:30 | Create | Fishing Ship |
| 7:30 | Create | Fishing Ship |
| 7:42 | Build | House |
| 7:52 | Create | Villager (Male) |
| 7:53 | Create | Villager (Male) |
| 8:38 | Create | Villager (Male) |
| 8:38 | Create | Villager (Male) |
| 8:39 | Create | Villager (Male) |
| 8:41 | Create | Fishing Ship |
| 9:04 | Create | Villager (Male) |
| 9:04 | Create | Villager (Male) |
| 9:35 | Research | Loom |
| 9:38 | Build | House |
| 9:40 | Build | House |
| 9:46 | Create | Fishing Ship |
| 9:50 | Create | Villager (Male) |
| 10:14 | Build | House |
| 10:21 | Create | Villager (Male) |
| 10:45 | Create | Fishing Ship |
| 10:46 | Create | Villager (Male) |
| 11:09 | Create | Villager (Male) |
| 11:33 | Build | Mill |
| 12:09 | Research | Feudal Age |
| 12:24 | Create | Fishing Ship |
| 12:24 | Create | Fishing Ship |
| 12:46 | Create | Villager (Male) |
| 13:09 | Create | Villager (Male) |
| 14:17 | Build | Mining Camp |
| 14:19 | Age | Feudal Age |
| 14:27 | Build | Market |
| 14:48 | Build | Blacksmith |
| 14:58 | Create | Villager (Male) |
| 15:13 | Create | Villager (Male) |
| 15:14 | Create | Villager (Male) |
| 15:40 | Create | Villager (Male) |
| 16:08 | Research | Castle Age |
| 16:25 | Build | Barracks |
| 16:35 | Create | Fire Galley |
| 16:35 | Create | Fire Galley |
| 16:41 | Build | House |
| 16:50 | Create | Villager (Male) |
| 17:10 | Build | Lumber Camp |
| 17:28 | Create | Spearman |
| 18:05 | Create | Fire Galley |
| 18:27 | Build | Mining Camp |
| 18:47 | Create | Fire Galley |
| 19:02 | Create | Unit 2626 |
| 19:04 | Create | Fire Galley |
| 19:28 | Research | Double-Bit Axe |
| 19:29 | Age | Castle Age |
| 19:30 | Build | House |
| 19:31 | Build | House |
| 19:44 | Create | Demolition Raft |
| 20:03 | Create | Villager (Male) |
| 20:24 | Create | Villager (Male) |
| 20:58 | Create | Villager (Male) |
| 20:59 | Create | Villager (Male) |
| 21:46 | Build | Castle |
| 21:52 | Create | Villager (Male) |
| 21:55 | Build | Farm |
| 22:07 | Create | Villager (Male) |
| 22:12 | Build | Farm |
| 22:42 | Create | Villager (Male) |
| 22:43 | Create | Villager (Male) |
| 23:13 | Build | Lumber Camp |
| 23:21 | Create | Villager (Male) |
| 23:22 | Create | Villager (Male) |
| 23:25 | Build | Farm |
| 23:27 | Build | Farm |
| 24:02 | Build | Farm |
| 24:06 | Build | Farm |
| 24:07 | Create | Villager (Male) |
| 24:07 | Create | Villager (Male) |
| 24:07 | Create | Villager (Male) |
| 24:51 | Build | Farm |
| 24:52 | Build | Farm |
| 24:53 | Build | Farm |
| 24:56 | Create | Villager (Male) |
| 24:57 | Create | Villager (Male) |
| 24:57 | Create | Villager (Male) |
| 25:16 | Create | Villager (Male) |
| 25:17 | Create | Villager (Male) |
| 25:17 | Create | Villager (Male) |
| 25:20 | Build | Farm |
| 25:23 | Build | Farm |
| 25:29 | Build | House |
| 25:30 | Build | House |
| 25:31 | Build | House |
| 25:35 | Create | Villager (Male) |
| 25:36 | Create | Villager (Male) |
| 25:36 | Create | Villager (Male) |
| 25:56 | Create | Villager (Male) |
| 25:57 | Create | Villager (Male) |
| 25:57 | Create | Villager (Male) |
| 26:22 | Create | Villager (Male) |
| 26:23 | Create | Villager (Male) |
| 26:26 | Build | Castle |
| 26:47 | Create | Villager (Male) |
| 26:47 | Create | Villager (Male) |
| 27:16 | Create | Villager (Male) |
| 27:17 | Create | Villager (Male) |
| 27:36 | Build | Farm |
| 27:38 | Build | Farm |
| 27:46 | Research | Scale Barding Armor |
| 28:19 | Create | Villager (Male) |
| 28:20 | Create | Villager (Male) |
| 28:20 | Create | Villager (Male) |
| 28:26 | Build | Archery Range |
| 28:31 | Create | Villager (Male) |
| 28:32 | Create | Villager (Male) |
| 28:38 | Build | Farm |
| 28:40 | Build | Farm |
| 28:41 | Build | Farm |
| 28:51 | Create | Konnik |
| 28:51 | Create | Konnik |
| 29:02 | Create | Villager (Male) |
Build order — ROMANS91
First 150 of 230 actions detected
| 0:56 | Build | Town Center |
| 1:14 | Build | House |
| 1:19 | Build | Dock |
| 2:58 | Create | Villager (Male) |
| 2:58 | Create | Villager (Male) |
| 2:58 | Create | Villager (Male) |
| 3:40 | Create | Villager (Male) |
| 4:07 | Create | Villager (Male) |
| 4:30 | Build | House |
| 4:36 | Build | House |
| 4:52 | Create | Villager (Male) |
| 5:29 | Create | Villager (Male) |
| 5:36 | Create | Fishing Ship |
| 6:02 | Create | Fishing Ship |
| 6:18 | Create | Villager (Male) |
| 6:18 | Create | Villager (Male) |
| 6:46 | Create | Fishing Ship |
| 6:50 | Create | Villager (Male) |
| 7:13 | Create | Fishing Ship |
| 7:30 | Create | Villager (Male) |
| 7:48 | Create | Villager (Male) |
| 8:15 | Create | Villager (Male) |
| 8:32 | Build | Lumber Camp |
| 8:43 | Build | House |
| 8:45 | Build | House |
| 8:54 | Research | Loom |
| 8:54 | Create | Villager (Male) |
| 9:09 | Create | Villager (Male) |
| 9:21 | Create | Fishing Ship |
| 9:22 | Create | Fishing Ship |
| 9:39 | Create | Villager (Male) |
| 10:19 | Build | Mill |
| 10:23 | Create | Villager (Male) |
| 10:39 | Build | Mill |
| 10:49 | Research | Feudal Age |
| 11:22 | Build | Mining Camp |
| 12:02 | Create | Villager (Male) |
| 12:02 | Create | Villager (Male) |
| 12:44 | Build | Dock |
| 12:56 | Build | Dock |
| 13:05 | Create | Villager (Male) |
| 13:06 | Create | Villager (Male) |
| 13:09 | Age | Feudal Age |
| 13:14 | Research | Double-Bit Axe |
| 13:17 | Research | Gold Mining |
| 13:19 | Create | Galley |
| 13:50 | Create | Villager (Male) |
| 13:50 | Create | Villager (Male) |
| 13:57 | Create | Galley |
| 14:01 | Build | House |
| 14:03 | Build | House |
| 14:32 | Build | House |
| 14:33 | Build | House |
| 14:41 | Build | Blacksmith |
| 14:48 | Build | Market |
| 14:58 | Create | Galley |
| 15:18 | Create | Galley |
| 15:18 | Create | Galley |
| 15:36 | Create | Galley |
| 15:38 | Create | Villager (Male) |
| 15:39 | Create | Villager (Male) |
| 15:58 | Build | Lumber Camp |
| 16:02 | Create | Villager (Male) |
| 16:12 | Create | Galley |
| 16:13 | Create | Galley |
| 16:14 | Create | Villager (Male) |
| 16:15 | Create | Villager (Male) |
| 16:26 | Research | Fletching |
| 16:51 | Create | Villager (Male) |
| 16:51 | Create | Villager (Male) |
| 17:10 | Create | Galley |
| 17:10 | Create | Galley |
| 17:43 | Create | Villager (Male) |
| 17:44 | Create | Villager (Male) |
| 18:10 | Create | Galley |
| 18:10 | Create | Galley |
| 18:11 | Create | Galley |
| 18:44 | Create | Galley |
| 18:44 | Create | Galley |
| 18:44 | Create | Galley |
| 18:56 | Build | Barracks |
| 19:02 | Build | House |
| 19:02 | Build | House |
| 19:02 | Build | House |
| 19:02 | Build | House |
| 19:03 | Build | House |
| 19:12 | Research | Town Watch |
| 19:34 | Build | Lumber Camp |
| 20:12 | Create | Galley |
| 20:12 | Create | Galley |
| 21:06 | Build | Dock |
| 21:26 | Research | Castle Age |
| 22:07 | Build | House |
| 22:07 | Build | House |
| 22:08 | Build | House |
| 22:16 | Build | Stable |
| 22:26 | Build | Dock |
| 22:30 | Create | Fishing Ship |
| 22:30 | Create | Fishing Ship |
| 22:31 | Create | Fishing Ship |
| 22:39 | Research | Tech 906 |
| 23:25 | Build | Archery Range |
| 23:31 | Build | Archery Range |
| 24:06 | Age | Castle Age |
| 24:12 | Build | Outpost |
| 24:17 | Research | Wheelbarrow |
| 24:36 | Build | Town Center |
| 24:45 | Research | Crossbowman (upgrade) |
| 24:54 | Create | Fishing Ship |
| 24:55 | Create | Fishing Ship |
| 24:55 | Create | Fishing Ship |
| 24:58 | Research | War Galley (upgrade) |
| 25:26 | Build | Outpost |
| 26:09 | Build | Monastery |
| 26:11 | Create | Scout Cavalry |
| 26:12 | Create | Scout Cavalry |
| 26:14 | Create | Villager (Male) |
| 26:14 | Create | Villager (Male) |
| 26:14 | Create | Villager (Male) |
| 26:39 | Create | Archer |
| 26:39 | Create | Archer |
| 26:39 | Create | Archer |
| 26:40 | Create | Archer |
| 26:40 | Create | Archer |
| 26:49 | Build | Town Center |
| 27:01 | Create | Monk |
| 27:23 | Create | Archer |
| 27:23 | Create | Archer |
| 27:23 | Create | Archer |
| 27:24 | Create | Archer |
| 27:24 | Create | Archer |
| 27:34 | Research | Hand Cart |
| 27:46 | Research | Forging |
| 28:28 | Create | Villager (Male) |
| 28:28 | Create | Villager (Male) |
| 28:29 | Create | Villager (Male) |
| 28:33 | Build | University |
| 28:36 | Build | House |
| 28:36 | Build | House |
| 28:37 | Build | House |
| 28:37 | Build | House |
| 29:09 | Create | Villager (Male) |
| 29:10 | Create | Villager (Male) |
| 29:10 | Create | Villager (Male) |
| 29:12 | Create | Archer |
| 29:13 | Create | Archer |
| 29:13 | Create | Archer |
| 29:13 | Create | Archer |
| 29:13 | Create | Archer |
| 29:13 | Create | Archer |
Match timeline
| 0:57 | Nosferatu · first_building Dock |
| 1:19 | ROMANS91 · first_building Dock |
| 13:09 | ROMANS91 · age_up feudal |
| 14:19 | Nosferatu · age_up feudal |
| 16:07 | Nosferatu · first_market_sell 100 wood |
| 16:23 | ROMANS91 · first_market_sell 100 food |
| 16:25 | Nosferatu · first_building Barracks |
| 18:56 | ROMANS91 · first_building Barracks |
| 19:29 | Nosferatu · age_up castle |
| 20:51 | ROMANS91 · first_market_buy 100 food |
| 21:31 | Nosferatu · first_market_buy 100 stone |
| 21:46 | Nosferatu · first_building Castle |
| 22:16 | ROMANS91 · first_building Stable |
| 23:25 | ROMANS91 · first_building Archery Range |
| 24:06 | ROMANS91 · age_up castle |
| 26:09 | ROMANS91 · first_building Monastery |
| 28:26 | Nosferatu · first_building Archery Range |
| 31:54 | ROMANS91 · first_building Siege Workshop |
| 32:56 | ROMANS91 · first_building Castle |
| 34:57 | Nosferatu · first_building Siege Workshop |
| 38:16 | ROMANS91 · age_up imperial |
| 38:27 | ROMANS91 · wall_segment Stone Wall x1 |
| 38:36 | ROMANS91 · wall_segment Stone Wall x1 |
| 41:28 | Nosferatu · resign |
[ AI ANALYSIS · 1 CREDIT ]
What really happened in this match?
Wolo.gg analyzes every decision: build order, eco, micro, common mistakes by bracket. Personalized analysis on WhatsApp or Discord in 30 seconds.
Civ guide
Bulgarians
Map guide
Nomad
Perfil
Nosferatu